Map: Para Site LE

Players

Mesrob - Winner!

  • Race: Terran Terran
  • League: Gold
  • Spawn Location: 11:00

MidaMini

  • Race: Protoss Protoss
  • Spawn Location: 5:00

VOD

Have the link to the VOD?

Description

Time

  • Played on: Jan. 11, 2019, 7:38 p.m.
  • Length: 10:44
Show
View Real Time Build Order
Export as new Build Order

Mesrob Terran - Winner!

Build Orders: Mech 

Get SALT Encoding   

  12  0:00  SCV  
  13  0:12  SCV  
  14  0:17  Supply Depot  
  14  0:25  SCV  
  15  0:38  SCV  
  15  0:40  Barracks  
  16  0:50  Refinery, SCV  
  17  1:03  SCV  
  18  1:15  SCV  
  19  1:27  Orbital Command  
  19  1:36  Bunker  
  19  1:38  Marine  
  20  1:56  Command Center  
  20  2:01  SCV  
  21  2:07  Factory  
  21  2:13  SCV  
  22  2:17  Barracks Tech Lab  
  21  2:32  SCV  
  22  2:37  Refinery  
  22  2:44  SCV  
  22  2:49  Supply Depot  
  23  3:07  Marine  
  23  3:08  Siege Tank, SCV  
  23  3:12  Supply Depot  
  28  3:20  Orbital Command, SCV  
  29  3:28  Marine  
  29  3:32  SCV  
  31  3:40  Siege Tank  
  34  3:44  SCV  
  34  3:46  SCV  
  34  3:47  Engineering Bay  
  36  3:50  Marine  
  37  3:56  SCV  
  37  3:58  SCV  
  37  4:02  Refinery  
  39  4:07  Armory  
  39  4:12  Siege Tank  
  39  4:14  Supply Depot  
  39  4:15  Missile Turret  
  42  4:30  SCV  
  42  4:31  SCV  
  44  4:36  Refinery, Missile Turret  
  44  4:37  Supply Depot  
  44  4:42  SCV  
  44  4:43  SCV  
  46  4:54  SCV, Armory  
  46  4:55  SCV, Terran Vehicle Weapons Level 1  
  46  4:57  Siege Tank  
  51  5:00  Missile Turret  
  51  5:02  Missile Turret  
  51  5:10  SCV x2  
  53  5:17  Factory  
  53  5:22  SCV x2  
  53  5:26  Missile Turret  
  55  5:34  SCV x2  
  56  5:38  Supply Depot  
  56  5:45  Command Center  
  56  6:02  Supply Depot, Factory Reactor  
  56  6:04  Siege Tank  
  56  6:06  SCV  
  56  6:07  SCV  
  61  6:18  SCV  
  62  6:19  SCV  
  62  6:24  Missile Turret  
  63  6:36  Factory, Thor  
  69  6:47  Missile Turret  
  69  7:05  Hellbat x2  
  73  7:09  Terran Vehicle And Ship Armor Level 1  
  73  7:10  Missile Turret, Terran Vehicle Weapons Level 2  
  73  7:16  SCV  
  73  7:17  SCV  
  75  7:28  SCV  
  75  7:29  SCV  
  77  7:30  Factory Tech Lab  
  77  7:33  Factory  
  77  7:36  Thor  
  83  7:37  Refinery  
  83  7:38  Hellbat x2  
  83  7:43  Planetary Fortress  
  87  7:48  SCV x2  
  89  7:56  Sensor Tower  
  89  7:59  Sensor Tower  
  89  8:00  SCV  
  89  8:03  Refinery  
  87  8:42  Thor x2  
  87  8:44  Hellbat  
  87  8:45  Factory Tech Lab  
  101  8:48  Factory  
  101  9:14  Supply Depot  
  101  9:24  Hi-Sec Auto Tracking  
  101  9:35  Thor  
  101  9:36  SCV x2  
  101  9:38  Supply Depot  
  109  9:59  SCV x3  
  114  10:00  Hellbat, Supply Depot  
  114  10:01  Factory Reactor  
  114  10:06  Hellbat  
  116  10:11  Supply Depot, SCV  
  117  10:22  SCV x2  
  117  10:23  Supply Depot  
  126  10:38  Supply Depot  
Show
View Real Time Build Order
Export as new Build Order

MidaMini Protoss 

Build Orders:  

Get SALT Encoding   

  12  0:03  Probe  
  13  0:18  Pylon  
  13  0:23  Probe  
  14  0:44  Gateway  
  14  0:48  Probe  
  15  0:53  Assimilator  
  15  0:57  Assimilator  
  15  1:00  Probe  
  16  1:12  Probe  
  16  1:17  Pylon  
  17  1:23  Pylon  
  17  1:26  Pylon  
  17  1:35  Probe  
  18  1:46  Cybernetics Core  
  18  1:50  Probe  
  19  2:02  Probe  
  20  2:14  Probe  
  21  2:24  Warp Gate  
  21  2:26  Probe  
  21  2:27  Zealot  
  24  2:38  Probe  
  25  3:11  Probe  
  25  3:22  Nexus  
  25  3:37  Twilight Council  
  25  3:53  Pylon  
  25  3:55  Pylon  
  25  3:58  Pylon  
  25  4:01  Pylon  
  25  4:04  Pylon  
  25  4:05  Gateway  
  25  4:06  Gateway  
  25  4:07  Gateway  
  25  4:15  Gateway  
  25  4:18  Stalker  
  27  4:34  Blink  
  27  4:48  Probe  
  28  4:53  Stalker  
  30  5:00  Probe  
  30  5:05  Gateway  
  31  5:07  Gateway  
  31  5:12  Probe  
  32  5:15  Pylon  
  32  5:17  Stalker  
  34  5:24  Probe  
  35  5:31  Stalker  
  37  5:36  Stalker  
  37  5:41  Probe  
  40  5:48  Stalker  
  42  6:02  Assimilator  
  42  6:06  Assimilator  
  42  6:07  Stalker  
  42  6:08  Stalker  
  46  6:26  Protoss Ground Weapons Level 1  
  46  6:27  Forge  
  46  6:30  Pylon  
  46  6:32  Stalker  
  48  6:40  Stalker  
  48  6:44  Probe  
  51  6:53  Stalker  
  53  6:54  Stalker  
  53  6:57  Probe  
  56  7:10  Probe  
  56  7:14  Stalker  
  59  7:22  Stalker, Probe  
  62  7:23  Stalker  
  64  7:35  Probe  
  65  7:38  Stalker  
  65  7:39  Stalker  
  65  7:44  Stalker  
  71  8:06  Stalker x2  
  71  8:07  Stalker x2  
  53  8:41  Stalker x2  
  53  8:42  Stalker x3  
  53  8:43  Stalker  
  63  8:53  Probe  
  64  9:05  Probe  
  65  9:10  Stalker x2  
  69  9:24  Templar Archives  
  69  9:44  Stalker x3  
  75  9:47  Templar Archives  
  75  9:55  Stalker x2  
  79  10:04  Stalker  
  79  10:05  Stalker  
Tags
 
Composition
Mech
League
Gold
Matchup
PvT
Replay Pack
sc2 replays
Spawn Locations
Cross Positions
Add a new tag
Caveats
  • Supply blocks, unpowered buildings, or Contaminate may cause inaccurate times.
  • Supply counts are checked every 10 seconds.